 Dungeon Crawl Stone Soup version 0.28.0 (webtiles) character file.

Game seed: 783469126770607869

110 themarg the Caller (level 4, -3/31 HPs)
             Began as a Merfolk Summoner on Feb 17, 2022.
             Slain by Blork the orc (8 damage)
             ... on level 4 of the Dungeon.
             The game lasted 00:20:42 (4072 turns).

themarg the Caller (Merfolk Summoner)               Turns: 4072, Time: 00:20:43

Health: -3/31      AC:  2    Str:  8    XL:     4   Next: 91%
Magic:  1/8        EV: 17    Int: 16    God:
Gold:   192        SH:  0    Dex: 20    Spells: 5/9 levels left

rFire   . . .      SeeInvis .   h - +0 spear
rCold   . . .      Faith    .   (no shield)
rNeg    . . .      Spirit   .   a - +0 robe
rPois   .          Reflect  .   (no helmet)
rElec   .          Harm     .   (no cloak)
rCorr   .          Rampage  .   (no gloves)
Will    .....                   (no boots)
Stlth   ++........              (no amulet)
HPRegen 0.10/turn               k - +6 ring of dexterity
MPRegen 0.11/turn               r - +4 ring of evasion

@: no status effects
A: (nimble swimmer 2), mertail
a: no special abilities


You were on level 4 of the Dungeon.
You visited 2 branches of the dungeon, and saw 5 of its levels.

You collected 231 gold pieces.
You spent 39 gold pieces at shops.

Inventory:

Hand Weapons
 b - a +0 short sword
 h - a +0 spear (weapon)
Armour
 a - a +0 robe (worn)
Magical Staves
 g - a staff of poison
Jewellery
 d - a ring of fire
 k - a +6 ring of dexterity (left hand)
 r - a +4 ring of evasion (right hand)
Wands
 l - a wand of digging (1)
Scrolls
 c - a scroll of enchant weapon {unknown}
 f - a scroll of vulnerability {unknown}
 i - 2 scrolls of teleportation
 m - 3 scrolls of fog {unknown}
 n - 2 scrolls of magic mapping {unknown}
 o - 4 scrolls of enchant armour {unknown}
 t - 3 scrolls of summoning
Potions
 e - 2 potions of berserk rage
 j - 3 potions of curing {unknown}
 p - a potion of magic
 q - a potion of heal wounds {unknown}
 s - a potion of attraction {unknown}
 u - a potion of might {unknown}


   Skills:
 * Level 0.9 Fighting
 * Level 0.7 Polearms
 + Level 3.0 Dodging
 + Level 2.5 Stealth
 * Level 3.0 Spellcasting
 * Level 5.0 Summonings


You had 5 spell levels left.
You knew the following spells:

 Your Spells              Type           Power      Damage    Failure   Level
a - Summon Small Mammal   Summ           72%        N/A       2%          1
b - Call Canine Familiar  Summ           18%        N/A       7%          3

Your spell library contained the following spells:

 Spells                   Type           Power      Damage    Failure   Level
 Call Imp                 Summ           18%        N/A       3%          2
 Summon Guardian Golem    Hex/Summ       10%        N/A       21%         3
 Sublimation of Blood     Necr           2%         N/A       28%         2
 Wereblood                Tmut           2%         N/A       28%         2
 Summon Lightning Spire   Summ/Air       10%        N/A       54%         4
 Summon Hydra             Summ           9%         N/A       100%        7


Dungeon Overview and Level Annotations

Branches:
Dungeon (4/15)             Temple (1/1) D:4

Altars:
Cheibriados
Elyvilon
Fedhas
Hepliaklqana
Okawaru
Ru
Trog
Uskayaw
Vehumet
Yredelemnul
Zin
Lugonu

Shops:
D:1 (

Annotations:
D:4 Blork the orc, Robin


Innate Abilities, Weirdness & Mutations

((You are very nimble when in or above water. (Stealth+, EV+, Speed+++)))
Your lower body shifts to a powerful aquatic tail in water.


Message History

Blork the orc hits your hound with a +0 flail.
Your hound dies!
Your hound's corpse disappears in a puff of smoke!
Casting: Call Canine Familiar (quite dangerous; 7% risk of failure)
Confirm with . or Enter, or press ? or * to list all spells.
The spell is quite dangerous to miscast (7% risk of failure)!
Continue anyway?
Blork the orc misses you. Blork the orc misses your hound.
Your hound bites Blork the orc but does no damage.
Blork the orc suddenly complains, as Orcs often do.
Blork the orc miscasts a cantrip.
Your hound bites Blork the orc.
Blork the orc closely misses your hound.
Your hound barely misses Blork the orc.
There is an open door here.
Your hound bites Blork the orc.
Your hound bites Blork the orc.
Robin hits your hound with a +0 mace of holy wrath.
Blork the orc barely misses you.
Your hound closely misses Blork the orc.
Blork the orc points at you and mumbles some strange words.
The puff of frost hits you.
Your hound barely misses Blork the orc.
Blork the orc misses you.
Blork the orc casts a cantrip, but nothing happens.
Blork the orc casts a spell at you. The puff of flame hits you.
Blork the orc looks braver for a moment.
Blork the orc barely misses you.
Your hound bites Blork the orc.
Blork the orc casts a spell at you. The magic dart hits you.
Your hound closely misses Blork the orc. x2
Your hound disappears in a puff of smoke!
Blork the orc points at you and mumbles some strange words.
The magic dart hits you.
* * * LOW HITPOINT WARNING * * *
Casting: Call Canine Familiar (quite dangerous; 7% risk of failure)
Confirm with . or Enter, or press ? or * to list all spells.
The spell is quite dangerous to miscast (7% risk of failure)!
Continue anyway?
Blork the orc hits you with a +0 flail!
You die...

#.# #.#..# ##.......## #
#)###....####.........####
#...........+.........'...
#####....####.........####
#.#.## ##.......## #
#####.##### ##.....##
#.........# ##...##
#.##.#.##.# ##'##
#.##...##@# #.#
#.###.###o# #.#
#.......h.#######.######
##........÷............#
#.##.##..####.........#
#.##.##..# ##.........#
#.##.##..###..........###
#.##.........§...>.......
#.#####..###.§§.......###


You could see Blork the orc (fast, ally target) and a friendly hound (summoned).

Vanquished Creatures
  3 ball pythons
  An endoplasm (D:1)
  4 goblins
  A hobgoblin (D:3)
  2 quokkas (D:1)
  3 bats
  4 rats
18 creatures vanquished.

Vanquished Creatures (collateral kills)
  A hound (D:4)
  An adder (D:2)
  A worm (D:2)
  2 dart slugs (D:1)
  6 bats
  4 endoplasms
  4 giant cockroaches
  4 hobgoblins
  2 jackals (D:1)
  3 ball pythons
  3 frilled lizards
  7 goblins
  A kobold (D:4)
  2 rats (D:3)
41 creatures vanquished.

Vanquished Creatures (others)
  A fungus (D:1)
  6 toadstools (D:1)
7 creatures vanquished.

Grand Total: 66 creatures vanquished

Notes
Turn   | Place    | Note
-------+----------+-------------------------------------------
     0 | D:1      | themarg the Merfolk Summoner began the quest for the Orb.
     0 | D:1      | Reached XP level 1. HP: 13/13 MP: 3/3
   244 | D:1      | Reached XP level 2. HP: 18/19 MP: 3/5
   801 | D:1      | Found Sybatec's Weapon Emporium.
   889 | D:1      | Bought a +0 spear for 39 gold pieces
  1247 | D:1      | Reached XP level 3. HP: 15/24 MP: 3/6
  1587 | D:2      | Found a radiant altar of Vehumet.
  2698 | D:3      | Found a basalt altar of Yredelemnul.
  2766 | D:3      | Reached XP level 4. HP: 28/30 MP: 5/8
  2770 | D:3      | Learned a level 3 spell: Call Canine Familiar
  3365 | D:3      | Found a glowing silver altar of Zin.
  3640 | D:4      | Reached skill level 5 in Summonings
  3738 | D:4      | Found a staircase to the Ecumenical Temple.
  3836 | Temple   | Entered the Ecumenical Temple
  3933 | D:4      | Noticed Blork the orc
  4031 | D:4      | Found a sacrificial altar of Ru.
  4033 | D:4      | Noticed Robin
  4072 | D:4      | Slain by Blork the orc

Illustrated notes

Levels and vault maps discovered:
D:1:      psy_arrival_radial01, layout_basic, serial_shops,
          nicolae_shop_advertising_works [nicolae_subvault_shop_adworks],
          minmay_gold_behind_fungi
D:2:      layout_basic, basic_altar
D:3:      layout_loops_corners, mainiacjoe_overflow_alcove_2, zin_treasury
D:4:      layout_loops_corners, mainiacjoe_overflow_24_doors,
          minmay_temple_entry_purple_smoke, uniq_blork_the_orc,
          uniq_crazy_yiuf_cottage, uniq_robin
Temple:   corrupted_temple

Skill      XL: |  1  2  3  4 |
---------------+-------------+-----
Dodging        | 3 |  3.0
Summonings     | 5 |  5.0
Spellcasting   | 3 |  3.0
Fighting       | |  0.9
Polearms       | |  0.7
Stealth        | |  2.5

Action                   |  1- 3 |  4- 6 || total
-------------------------+-------+-------++-------
Melee: Short sword       |    24 |       ||    24
       Unarmed           |     1 |       ||     1
       Spear             |    46 |    15 ||    61
 Cast: Summon Small Mamm |    67 |    18 ||    85
       Call Canine Famil |       |     6 ||     6
  Use: Scroll            |       |     4 ||     4
 Stab: Sleeping          |     4 |     1 ||     5
Armor: Robe              |    23 |       ||    23
Dodge: Dodged            |    32 |    10 ||    42
